 Dungeon Crawl Stone Soup version 0.23-a0-143-g1adec7b (webtiles) character file.

250 galech the Skirmisher (level 5, 0/42 HPs)
             Began as a Demonspawn Fighter on Sept 4, 2018.
             Slain by Sigmund
             ... wielding a +0 scythe
              (3 damage)
             ... on level 4 of the Dungeon.
             The game lasted 00:03:44 (2569 turns).

galech the Skirmisher (Demonspawn Fighter)          Turns: 2569, Time: 00:03:45

Health: 0/42       AC: 11    Str: 19    XL:     5   Next: 88%
Magic:  1/1        EV:  7    Int:  9    God:
Gold:   243        SH:  9    Dex: 14    Spells: 4/4 levels left

rFire    + . .     SeeInvis .   y - +4 flail of the Abyss {antimagic, MR+ Str+3}
rCold    + . .     Gourm    .   c - +0 shield
rNeg     . . .     Faith    .   n - +0 chain mail
rPois    .         Spirit   .   k - +0 helmet
rElec    .         Reflect  .   (no cloak)
rCorr    .         Harm     .   (no gloves)
MR       +....                  g - +0 pair of boots
Stlth    ..........             (no amulet)
HPRegen  0.14/turn              o - ring of protection from fire
MPRegen  0.07/turn              x - ring of protection from cold

@: no status effects
A: claws 1, repulsion field 1
a: no special abilities


You were on level 4 of the Dungeon.
You were not hungry.

You visited 1 branch of the dungeon, and saw 4 of its levels.

You collected 243 gold pieces.

Inventory:

Hand Weapons
 a - a +0 war axe
 y - the +4 flail of the Abyss (weapon) {antimagic, MR+ Str+3}
   (You found it on level 3 of the Dungeon)

   It reduces the magical energy of the wielder, and disrupts the spells and
   magical abilities of those hit.
   Natural abilities and divine invocations are not affected.
   It affects your strength (+3).
   It affects your resistance to hostile enchantments.
Armour
 c - a +0 shield (worn)
 g - a +0 pair of boots (worn)
 k - a +0 helmet (worn)
 n - a +0 chain mail (worn)
Jewellery
 o - a ring of protection from fire (left claw)
 r - an uncursed ring of magical power
 x - a ring of protection from cold (right claw)
Scrolls
 e - 3 scrolls of teleportation {unknown}
 i - 3 scrolls of remove curse
 l - 4 scrolls of identify {unknown}
 p - a scroll of blinking {unknown}
 q - a scroll of enchant weapon {unknown}
 s - a scroll of amnesia {unknown}
 v - a scroll of enchant armour {unknown}
Potions
 d - a potion of might
 h - a potion of brilliance {unknown}
 j - 2 potions of agility {unknown}
 m - a potion of heal wounds {unknown}
 t - 2 potions of lignification {unknown}
 u - a potion of cancellation {unknown}
 w - a potion of curing {unknown}
 z - a potion of degeneration {unknown}
Comestibles
 f - 5 rations


   Skills:
 + Level 3.9 Fighting
 + Level 3.8 Axes
 + Level 3.4 Armour
 + Level 0.8 Dodging
 + Level 3.5 Shields


You had 4 spell levels left.
You didn't know any spells.
Your spell library was empty.

Dungeon Overview and Level Annotations

Branches:
Dungeon (4/15)
 Temple: D:4-7

Altars:
Dithmenos
Elyvilon
Gozag
Hepliaklqana
Uskayaw

Annotations:
D:4 Sigmund


Innate Abilities, Weirdness & Mutations

You have sharp fingernails.
You are surrounded by a mild repulsion field. (EV +2)


Message History

You block the puff of flame.
You see here 4 tomahawks.
You sock something! Something hits you but does no damage.
You miss something. Something hits you but does no damage.
Your shield and chain mail prevent you from hitting something.
Something hits you but does no damage.
You hit something. You miss something. Something hits you.
You miss something. Something hits you but does no damage.
You closely miss something. You block something's attack.
Your shield and chain mail prevent you from hitting something.
Something hits you but does no damage.
You barely miss something. Something hits you but does no damage.
You closely miss something. Something hits you!
* * * LOW HITPOINT WARNING * * *
You hit something. Something hits you!
* * * LOW HITPOINT WARNING * * *
You closely miss something. You closely miss something. Something hits you.
You die...

#.#.......
#.#.......
#######>#.......
#...........#
#...........#
####...........#
...............#
...............#
.......@{......#
........##.....#
........##..%..#
........##.....#
######### ......
#.#..


There were no monsters in sight!

Vanquished Creatures
  An ogre (D:2)
  A bullfrog (D:3)
  Jessica (D:2)
  3 adders
  A worm (D:3)
  2 dart slugs
  2 leopard geckos
  An orc (D:3)
  2 ball pythons
  4 bats (D:3)
  A giant cockroach (D:2)
  6 goblins
  5 hobgoblins
  A quokka (D:2)
  5 frilled lizards
  5 kobolds
  6 rats
47 creatures vanquished.

Notes
Turn   | Place    | Note
-------+----------+-------------------------------------------
     0 | D:1      | galech the Demonspawn Fighter began the quest for the Orb.
     0 | D:1      | Reached XP level 1. HP: 18/18 MP: 1/1
   181 | D:1      | Gained mutation: You are surrounded by a mild repulsion
                  | field. (EV +2) [demonic ancestry]
   181 | D:1      | Reached XP level 2. HP: 24/24 MP: 2/2
   868 | D:2      | Found an opulent altar of Gozag.
  1004 | D:2      | Noticed an ogre
  1014 | D:2      | Killed an ogre
  1014 | D:2      | Gained mutation: You have sharp fingernails. [demonic
                  | ancestry]
  1014 | D:2      | Reached XP level 3. HP: 30/30 MP: 3/3
  1014 | D:2      | Reached XP level 4. HP: 37/37 MP: 4/4
  1390 | D:2      | Noticed Jessica
  1398 | D:2      | Killed Jessica
  1398 | D:2      | Reached XP level 5. HP: 33/42 MP: 5/5
  1628 | D:3      | Found a hazy altar of Hepliaklqana.
  1682 | D:3      | Found a white marble altar of Elyvilon.
  1894 | D:3      | Found a transporter.
  1894 | D:3      | Found a transporter.
  1894 | D:3      | Found a hide-covered altar of Uskayaw.
  1998 | D:3      | Got a steaming flail
  2005 | D:3      | Identified the +4 flail of the Abyss {antimagic, MR+ Str+3}
                  | (You found it on level 3 of the Dungeon)
  2390 | D:3      | Found a shadowy altar of Dithmenos.
  2547 | D:4      | Noticed Sigmund
  2567 | D:4      | HP: 2/42 [something (9)]
  2569 | D:4      | Slain by Sigmund

Vault maps used:
D:1:      lightli_iron_boxes, amethyst_killhole, minmay_crystal_room
D:2:      nicolae_overflow_hidden_temple, uniq_jessica
D:3:      overflow_temple_1_default, nicolae_dithmenos_shadow_blocks,
          old_standard_altar, gammafunk_temple_overflow_arena
D:4:      kennysheep_little_box, first_ration, uniq_sigmund

Skill      XL: |  1  2  3  4 |
---------------+-------------+-----
Axes           | 2 3 |  3.8
Armour         | 3 |  3.4
Shields        | 3 |  3.5
Fighting       | |  3.9
Dodging        | |  0.8

Action                   |  1- 3 |  4- 6 || total
-------------------------+-------+-------++-------
Melee: War axe           |    50 |    83 ||   133
       Flail             |       |    27 ||    27
  Use: Scroll            |     1 |       ||     1
  Eat: Chunk             |       |     5 ||     5
Armor: Scale mail        |    10 |       ||    10
       Chain mail        |    13 |    66 ||    79
Dodge: Dodged            |    12 |    22 ||    34
Block: Shield            |    21 |    55 ||    76

Table legend:
 A = Non-vault XP
 B = Vault XP
 C = Vault XP percentage of total XP
 D = Non-vault monster count
 E = Vault monster count
 F = Vault count percentage of total count
                 A         B        C        D         E       F
            +---------+---------+-------+---------+---------+-------
      Total |     230 |     128 |  35.8 |      44 |       3 |   6.4
            +---------+---------+-------+---------+---------+-------
        D:1 |      22 |       0 |   0.0 |      11 |       0 |   0.0
        D:2 |     156 |      37 |  19.2 |      17 |       1 |   5.6
        D:3 |      52 |      91 |  63.6 |      16 |       2 |  11.1
            +---------+---------+-------+---------+---------+-------
